MID
BELOIT SNAPPERS @ WEST MICHIGAN WHITECAPS
08/07/2047
 
TOP OF THE 1ST
Beloit Snappers batting - Pitching for West Michigan Whitecaps : RHP Jared Barger
Pitching: RHP Jared Barger
Batting: RHB Moses Brokken 0-0: Called Strike
0-1: Foul Ball, location: 2F
0-2: Strikes out looking
Batting: SHB Ivan Barry 0-0: Foul Ball, location: 2F
0-1: Ball
1-1: Ball
2-1: Ground out 6-3 (Groundball, 6S, EV 87.5 MPH)
Batting: LHB Jeremy Brammer 0-0: Ground out U3 (Groundball, 3, EV 80.6 MPH)
Top of the 1st over - 0 runs, 0 hits, 0 errors, 0 left on base; Beloit 0 - West Michigan 0
BOTTOM OF THE 1ST
West Michigan Whitecaps batting - Pitching for Beloit Snappers : RHP Jon Hollman
Pitching: RHP Jon Hollman
Batting: RHB Jon Goldstein 0-0: Called Strike
0-1: Ball
1-1: Ball
2-1: Ball
3-1: Ground out 6-3 (Groundball, 6, EV 83.8 MPH)
Batting: LHB Jon Pedlar 0-0: Ball
1-0: Foul Ball, location: 2F
1-1: Ball
2-1: Foul Ball, location: 2F
2-2: Ball
3-2: Ground out 1-3 (Groundball, 23, EV 68.8 MPH)
Batting: LHB Jamie Christian 0-0: Called Strike
0-1: Ball
1-1: Foul Ball, location: 2F
1-2: Foul Ball, location: 2F
1-2: Ball
2-2: Strikes out swinging
Bottom of the 1st over - 0 runs, 0 hits, 0 errors, 0 left on base; Beloit 0 - West Michigan 0
TOP OF THE 2ND
Beloit Snappers batting - Pitching for West Michigan Whitecaps : RHP Jared Barger
Batting: RHB Shannon Beck 0-0: Ball
1-0: Ball
2-0: Foul Ball, location: 2F
2-1: Foul Ball, location: 2F
2-2: Strikes out looking
Batting: RHB Travis Robinson 0-0: Called Strike
0-1: Called Strike
0-2: Strikes out swinging
Batting: RHB Tyler Stebbins 0-0: Ball
1-0: Ground out 5-3 (Groundball, 56S, EV 86.2 MPH)
Top of the 2nd over - 0 runs, 0 hits, 0 errors, 0 left on base; Beloit 0 - West Michigan 0
BOTTOM OF THE 2ND
West Michigan Whitecaps batting - Pitching for Beloit Snappers : RHP Jon Hollman
Batting: LHB Brad Gaskill 0-0: Ball
1-0: Ball
2-0: Foul Ball, location: 2F
2-1: Swinging Strike
2-2: Ball
3-2: Strikes out swinging
Batting: SHB Willie Medina 0-0: Called Strike
0-1: Foul Ball, location: 2F
0-2: Ground out 4-3 (Groundball, 4MD, EV 86.9 MPH)
Batting: RHB German Quiroga 0-0: Swinging Strike
0-1: Ground out 4-3 (Groundball, 4, EV 84.4 MPH)
Bottom of the 2nd over - 0 runs, 0 hits, 0 errors, 0 left on base; Beloit 0 - West Michigan 0
TOP OF THE 3RD
Beloit Snappers batting - Pitching for West Michigan Whitecaps : RHP Jared Barger
Batting: RHB Manny Moron 0-0: Ball
1-0: Foul Ball, location: 2F
1-1: Foul Ball, location: 2F
1-2: SINGLE (Groundball, 4MD, EV 102.5 MPH)
Batting: RHB Josh Mauer 0-0: Called Strike
0-1: Fly out, F8 (Flyball, 8RM, EV 85.0 MPH)
Batting: RHB Clay Statum 0-0: Called Strike
Manny Moron steals 2nd base (no throw)
0-1: Ball
1-1: SINGLE (Groundball, 6MD, EV 102.5 MPH)
Manny Moron to third
Batting: RHB Moses Brokken 0-0: Ball
1-0: Called Strike
1-1: Foul Ball, location: 2F
1-2: Ball
2-2: Foul Ball, location: 2F
2-2: Ball
3-2: Fly out, F7 (Flyball, 7D, EV 105.0 MPH)
Runner from 3rd tags up, SCORES, throw by LF
Batting: SHB Ivan Barry 0-0: Called Strike
0-1: Ball
1-1: Ball
2-1: Swinging Strike
2-2: Ball
3-2: Ground out 6-3 (Groundball, 6, EV 88.1 MPH)
Top of the 3rd over - 1 run, 2 hits, 0 errors, 1 left on base; Beloit 1 - West Michigan 0
BOTTOM OF THE 3RD
West Michigan Whitecaps batting - Pitching for Beloit Snappers : RHP Jon Hollman
Batting: RHB Scott Carr 0-0: Ball
1-0: Called Strike
1-1: Ball
2-1: Foul Ball, location: 2F
2-2: Foul Ball, location: 2F
2-2: Foul Ball, location: 2F
2-2: Ball
3-2: Strikes out swinging
Batting: LHB Steve Herrera 0-0: Called Strike
0-1: Called Strike
0-2: Ball
1-2: Foul Ball, location: 2F
1-2: Strikes out swinging
Batting: RHB Yaremka Rzhevsky 0-0: Foul Ball, location: 2F
0-1: Ball
1-1: Ball
2-1: Foul Ball, location: 2F
2-2: Strikes out swinging
Bottom of the 3rd over - 0 runs, 0 hits, 0 errors, 0 left on base; Beloit 1 - West Michigan 0
TOP OF THE 4TH
Beloit Snappers batting - Pitching for West Michigan Whitecaps : RHP Jared Barger
Batting: LHB Jeremy Brammer 0-0: Ground out 1-3 (Groundball, 34S, EV 73.8 MPH)
Batting: RHB Shannon Beck 0-0: Ball
1-0: Called Strike
1-1: Called Strike
1-2: Ball
2-2: Foul Ball, location: 2F
2-2: Foul Ball, location: 2F
2-2: Strikes out swinging
Batting: RHB Travis Robinson 0-0: Called Strike
0-1: Foul Ball, location: 2F
0-2: Foul Ball, location: 2F
0-2: Strikes out swinging
Top of the 4th over - 0 runs, 0 hits, 0 errors, 0 left on base; Beloit 1 - West Michigan 0
BOTTOM OF THE 4TH
West Michigan Whitecaps batting - Pitching for Beloit Snappers : RHP Jon Hollman
Batting: RHB Jon Goldstein 0-0: Called Strike
0-1: Foul Ball, location: 2F
0-2: Ball
1-2: Strikes out swinging, 2-3 out at first.
Batting: LHB Jon Pedlar 0-0: Ball
1-0: Ball
2-0: Ball
3-0: Fly out, F7 (Flyball, 78S, EV 91.9 MPH)
Batting: LHB Jamie Christian 0-0: Foul Ball, location: 2F
0-1: Fly out, F7 (Line Drive, 78M, EV 97.5 MPH)
Bottom of the 4th over - 0 runs, 0 hits, 0 errors, 0 left on base; Beloit 1 - West Michigan 0
TOP OF THE 5TH
Beloit Snappers batting - Pitching for West Michigan Whitecaps : RHP Jared Barger
Batting: RHB Tyler Stebbins 0-0: Called Strike
0-1: Ball
1-1: Ball
2-1: SINGLE (Groundball, 56D, EV 101.9 MPH)
Batting: RHB Manny Moron 0-0: Foul Ball, location: 2F
0-1: Foul Ball, location: 2F
0-2: Strikes out swinging
Batting: RHB Josh Mauer 0-0: Called Strike
0-1: SINGLE (Flyball, 3D, EV 85.0 MPH)
Tyler Stebbins to second
Batting: RHB Clay Statum 0-0: Swinging Strike
0-1: Swinging Strike
0-2: Ball
1-2: SINGLE (Groundball, 34D, EV 106.9 MPH)
Tyler Stebbins to third
Josh Mauer to second
Batting: RHB Moses Brokken 0-0: Foul Ball, location: 2F
0-1: GRAND SLAM HOME RUN (Line Drive, 7D, EV 101.9 MPH), Distance : 381 ft
Pitching: RHP Tony Kepp
Batting: SHB Ivan Barry 0-0: Called Strike
0-1: Fly out, F7 (Flyball, 7D, EV 75.6 MPH)
Batting: LHB Jeremy Brammer 0-0: Called Strike
0-1: Swinging Strike
0-2: Strikes out looking
Top of the 5th over - 4 runs, 4 hits, 0 errors, 0 left on base; Beloit 5 - West Michigan 0
BOTTOM OF THE 5TH
West Michigan Whitecaps batting - Pitching for Beloit Snappers : RHP Jon Hollman
Batting: LHB Brad Gaskill 0-0: Ball
1-0: Foul Ball, location: 2F
1-1: Ball
2-1: Foul Ball, location: 2F
2-2: Ground out 1-3 (Groundball, 34S, EV 67.5 MPH)
Batting: SHB Willie Medina 0-0: Fly out, F4 (Popup, 4D, EV 70.6 MPH)
Batting: RHB German Quiroga 0-0: Ball
1-0: Called Strike
1-1: Called Strike
1-2: Foul Ball, location: 2F
1-2: Ball
2-2: Foul Ball, location: 2F
2-2: Ball
3-2: Foul Ball, location: 2F
3-2: Foul Ball, location: 2F
3-2: Foul Ball, location: 2F
3-2: Strikes out looking
Bottom of the 5th over - 0 runs, 0 hits, 0 errors, 0 left on base; Beloit 5 - West Michigan 0
TOP OF THE 6TH
Beloit Snappers batting - Pitching for West Michigan Whitecaps : RHP Tony Kepp
Batting: RHB Shannon Beck 0-0: Ball
1-0: Ball
2-0: Called Strike
2-1: Foul Ball, location: 2F
2-2: Ball
3-2: Strikes out looking
Pitching: RHP Matt Sturge
Batting: RHB Travis Robinson 0-0: Ball
1-0: Swinging Strike
1-1: Ball
2-1: Foul Ball, location: 2F
2-2: Foul Ball, location: 2F
2-2: Ball
3-2: Foul Ball, location: 2F
3-2: SINGLE (Groundball, 6D, EV 103.1 MPH)
Batting: RHB Tyler Stebbins 0-0: Grounds into double play, 1-6-3 (Groundball, 13S, EV 66.2 MPH)
Top of the 6th over - 0 runs, 1 hit, 0 errors, 0 left on base; Beloit 5 - West Michigan 0
BOTTOM OF THE 6TH
West Michigan Whitecaps batting - Pitching for Beloit Snappers : RHP Jon Hollman
Batting: RHB Scott Carr 0-0: Ball
1-0: Called Strike
1-1: Ball
2-1: Ball
3-1: Foul Ball, location: 2F
3-2: Strikes out swinging
Batting: LHB Steve Herrera 0-0: Ball
1-0: Ball
2-0: Foul Ball, location: 2F
2-1: Called Strike
2-2: Fly out, F8 (Flyball, 8RD, EV 96.2 MPH)
Batting: RHB Yaremka Rzhevsky 0-0: Ground out 5-3 (Groundball, 5, EV 101.9 MPH)
Bottom of the 6th over - 0 runs, 0 hits, 0 errors, 0 left on base; Beloit 5 - West Michigan 0
TOP OF THE 7TH
Beloit Snappers batting - Pitching for West Michigan Whitecaps : RHP Matt Sturge
Batting: RHB Manny Moron 0-0: Foul Ball, location: 2F
0-1: Ground out 1-3 (Groundball, 13S, EV 71.2 MPH)
DELAY Rain delay of 29 minutes in the 7th inning.
Batting: RHB Josh Mauer 0-0: Ball
1-0: Ball
2-0: Foul Ball, location: 2F
2-1: Ball
3-1: Foul Ball, location: 2F
3-2: Strikes out swinging
Batting: RHB Clay Statum 0-0: Called Strike
0-1: Ball
1-1: Foul Ball, location: 2F
1-2: Strikes out swinging
Top of the 7th over - 0 runs, 0 hits, 0 errors, 0 left on base; Beloit 5 - West Michigan 0
BOTTOM OF THE 7TH
West Michigan Whitecaps batting - Pitching for Beloit Snappers : RHP Jon Hollman
Batting: RHB Jon Goldstein 0-0: Foul Ball, location: 2F
0-1: Ball
1-1: Swinging Strike
1-2: Strikes out looking
Batting: LHB Jon Pedlar 0-0: Called Strike
0-1: Swinging Strike
0-2: Ball
1-2: Ball
2-2: Strikes out swinging
Batting: LHB Jamie Christian 0-0: Called Strike
0-1: Ball
1-1: Ball
2-1: Swinging Strike
2-2: Foul Ball, location: 2F
2-2: Ball
3-2: Base on Balls
Pitching: LHP Alex Villagran
Batting: LHB Brad Gaskill 0-0: Foul Ball, location: 2F
0-1: Ball
1-1: Foul Ball, location: 2F
1-2: Ball
2-2: Fly out, F6 (Popup, 6, EV 53.1 MPH)
Bottom of the 7th over - 0 runs, 0 hits, 0 errors, 1 left on base; Beloit 5 - West Michigan 0
TOP OF THE 8TH
Beloit Snappers batting - Pitching for West Michigan Whitecaps : RHP Matt Sturge
Batting: RHB Moses Brokken 0-0: Called Strike
0-1: Called Strike
0-2: Ball
1-2: Ball
2-2: Ball
3-2: Strikes out swinging
Pitching: LHP Chris Thomas
Batting: SHB Ivan Barry 0-0: Ball
1-0: Called Strike
1-1: Called Strike
1-2: Ball
2-2: Foul Ball, location: 2F
2-2: Foul Ball, location: 2F
2-2: Foul Ball, location: 2F
2-2: Ball
3-2: Base on Balls
Batting: LHB Jeremy Brammer 0-0: Ball
1-0: Swinging Strike
1-1: Called Strike
1-2: Strikes out swinging
Batting: RHB Shannon Beck 0-0: Swinging Strike
0-1: Ball
1-1: Swinging Strike
1-2: Foul Ball, location: 2F
1-2: SINGLE (Groundball, 56D, EV 97.5 MPH)
Ivan Barry to second
Runner from 2nd tries for 3rd, SAFE, throw by LF made to third
Batting: RHB Travis Robinson 0-0: Called Strike
0-1: Foul Ball, location: 2F
0-2: Ball
1-2: Foul Ball, location: 2F
1-2: Ball
2-2: Strikes out looking
Top of the 8th over - 0 runs, 1 hit, 0 errors, 2 left on base; Beloit 5 - West Michigan 0
BOTTOM OF THE 8TH
West Michigan Whitecaps batting - Pitching for Beloit Snappers : LHP Alex Villagran
Batting: SHB Willie Medina 0-0: Called Strike
0-1: SINGLE (Flyball, 9LM, EV 94.4 MPH)
Batting: RHB German Quiroga 0-0: Foul Ball, location: 2F
0-1: Swinging Strike
0-2: Foul Ball, location: 2F
0-2: Ball
1-2: SINGLE (Line Drive, 5D, EV 96.9 MPH)
Willie Medina to second
Batting: RHB Scott Carr 0-0: Called Strike
0-1: Swinging Strike
0-2: Strikes out swinging
Pinch Hitting: RHB Joe Zimmerman 0-0: Called Strike
0-1: Ball
1-1: Foul Ball, location: 2F
1-2: Foul Ball, location: 2F
1-2: Strikes out looking
Batting: RHB Yaremka Rzhevsky 0-0: Ball
1-0: Ball
2-0: Foul Ball, location: 2F
2-1: Called Strike
2-2: Fly out, F8 (Flyball, 8RD, EV 77.5 MPH)
Bottom of the 8th over - 0 runs, 2 hits, 0 errors, 2 left on base; Beloit 5 - West Michigan 0
TOP OF THE 9TH
Beloit Snappers batting - Pitching for West Michigan Whitecaps : LHP Chris Thomas
Now in RF: Joe Zimmerman
Batting: RHB Tyler Stebbins 0-0: Swinging Strike
0-1: Foul Ball, location: 2F
0-2: Reached on error, E5 (Groundball, 56, EV 80.6 MPH)
Pitching: RHP Jorge Castaneda
Batting: RHB Manny Moron 0-0: Called Strike
0-1: Grounds into double play, 6-4-3 (Groundball, 6, EV 79.4 MPH)
Batting: RHB Josh Mauer 0-0: Called Strike
0-1: Called Strike
0-2: Strikes out looking
Top of the 9th over - 0 runs, 0 hits, 1 error, 0 left on base; Beloit 5 - West Michigan 0
BOTTOM OF THE 9TH
West Michigan Whitecaps batting - Pitching for Beloit Snappers : LHP Alex Villagran
Batting: RHB Jon Goldstein 0-0: Called Strike
0-1: Ball
1-1: Ball
2-1: Ball
3-1: Called Strike
3-2: Base on Balls
Batting: LHB Jon Pedlar 0-0: Swinging Strike
0-1: Grounds into double play, 6-4-3 (Groundball, 6, EV 104.4 MPH)
Batting: LHB Jamie Christian 0-0: Swinging Strike
0-1: Called Strike
0-2: Fly out, F9 (Flyball, 9, EV 86.2 MPH)
Bottom of the 9th over - 0 runs, 0 hits, 0 errors, 0 left on base; Beloit 5 - West Michigan 0
Thursday, December 15th , 2022 - OOTP Baseball 23.9 Build 102